 Dungeon Crawl Stone Soup version 0.29.1-13-g9f3cf754e1 (webtiles) character file.

Game seed: 12733944022009666871

26 ChrisAssaf the Magician (level 3, 0/25 HPs)
             Began as a Djinni Conjurer on Jan 31, 2023.
             Slain by a hobgoblin (2 damage)
             ... on level 2 of the Dungeon.
             The game lasted 00:04:09 (775 turns).

ChrisAssaf the Magician (Djinni Conjurer)            Turns: 775, Time: 00:04:09

Health: 0/25       AC:  4    Str:  6    XL:     3   Next: 22%
Gold:   67         EV: 12    Int: 21    God:
                   SH:  0    Dex: 11

rFire   + + .      SeeInvis .   (no weapon)
rCold   x . .      Faith    .   (no shield)
rNeg    . . .      Spirit   .   a - +0 robe
rPois   ∞          Reflect  .   (helmet restricted)
rElec   .          Harm     .   (no cloak)
rCorr   .          Rampage  .   (no gloves)
Will    .....                   (boots unavailable)
Stlth   ++........              (no amulet)
HPRegen 0.08/turn               (no ring)
MPRegen 0.00/turn               (no ring)

@: flying
A: sickness immunity, fire resistance 2, cold vulnerability 1, float, innate
caster, HP casting, extra vitality 1, beak, iridescent scales 1
a: no special abilities


You were on level 2 of the Dungeon.
You visited 1 branch of the dungeon, and saw 2 of its levels.

You collected 67 gold pieces.

Inventory:

Missiles
 e - 3 poisoned darts (quivered)
Armour
 a - a +0 robe (worn)
Potions
 g - 2 potions of might


   Skills:
 * Level 0.2 Throwing
 * Level 2.3 Dodging
 * Level 1.8 Stealth
 * Level 3.8 Spellcasting


You couldn't memorise any spells.
You knew the following spells:

 Your Spells              Type           Power      Damage    Failure   Level
a - Magic Dart            Conj           80%        1d7       2%          1
b - Searing Ray           Conj           40%        2d5       3%          2
c - Dazzling Flash        Conj/Hex       40%        N/A       8%          3
d - Fulminant Prism       Conj/Hex       10%        3d9       26%         4
e - Iskenderun's Mystic   Conj/Tloc      20%        2d6       26%         4
f - Foxfire               Conj/Fire      80%        2x1d8     2%          1
Your spell library was empty.

Dungeon Overview and Level Annotations

Branches:
Dungeon (2/15)

Altars:


Innate Abilities, Weirdness & Mutations

You are immune to sickness and miasma.
You are immune to poison.
Your flesh is very heat resistant. (rF++)
You are vulnerable to cold. (rC-)
You float through the air rather than walking.
You learn spells naturally, not from books.
Your magical power is your life essence.
You have superior vitality. (+4 MHP)
You have a beak for a mouth.
You are partially covered in iridescent scales. (AC +2)


Message History

The bat hits you but does no damage. The bat completely misses you.
The bat attacks as you move away! The bat barely misses you.
The bat hits you but does no damage. The bat closely misses you.
The bat attacks as you move away! The bat hits you but does no damage. x2
The bat misses you. The bat barely misses you. The bat misses you.
The bat hits you but does no damage. The bat hits you but does no damage.
The bat attacks as you move away! The bat hits you but does no damage.
The bat misses you. The bat hits you but does no damage. The bat hits you.
* * * LOW HITPOINT WARNING * * *
The bat misses you.
Casting: Foxfire (safe; 2% risk of failure)
Confirm with . or Enter, or press ? or * to list all spells.
Aiming: Magic Dart (safe; 2% risk of failure)
Press: ? - help, Shift-Dir - straight line, f - bat
Aim: a bat (100% to hit)
The magic dart hits the bat.
You kill the bat!
* * * LOW HITPOINT WARNING * * *
The hobgoblin attacks as you move away! The hobgoblin barely misses you.
The hobgoblin attacks as you move away! The hobgoblin hits you.
* * * LOW HITPOINT WARNING * * *
The hobgoblin attacks as you move away!
The hobgoblin hits you but does no damage.
The hobgoblin attacks as you move away! The hobgoblin hits you.
* * * LOW HITPOINT WARNING * * *
Okay, then.
You aren't carrying any scrolls.
Unknown command.
The hobgoblin attacks as you move away!
The hobgoblin hits you but does no damage.
The hobgoblin attacks as you move away!
The hobgoblin hits you but does no damage.
The hobgoblin attacks as you move away! The hobgoblin hits you.
You die...

###.#
#.#...........
#.#
#.#######.....
#.# #.# #.....
#.# #.# ######
#.# #.# #.#
#.# #.# #.#
#.# #.# #@#
#.# #g# #.#
#.# #.#
#.###.#
#.....#
#######


You could see a hobgoblin.

Vanquished Creatures
  An adder (D:2)
  A dart slug (D:2)
  2 ball pythons
  An endoplasm (D:2)
  A goblin (D:2)
  2 hobgoblins
  2 quokkas
  2 bats
  2 frilled lizards (D:1)
  A rat (D:2)
15 creatures vanquished.

Vanquished Creatures (others)
  3 foxfires (D:2)
3 creatures vanquished.

Grand Total: 18 creatures vanquished

Notes
Turn   | Place    | Note
-------+----------+-------------------------------------------
     0 | D:1      | ChrisAssaf the Djinni Conjurer began the quest for the Orb.
     0 | D:1      | ChrisAssaf set off with the following spells memorised:
                  | Magic Dart, Searing Ray, Dazzling Flash, Fulminant Prism,
                  | Iskenderun's Mystic Blast.
     0 | D:1      | Reached XP level 1. HP: 15/15 MP: 0/0
   326 | D:1      | Reached XP level 2. HP: 20/21 MP: 0/0
   603 | D:2      | Reached XP level 3. HP: 25/25 MP: 0/0
   603 | D:2      | Learned a level 1 spell: Foxfire
   716 | D:2      | Gained mutation: You have a beak for a mouth. [potion of
                  | mutation]
   716 | D:2      | Gained mutation: You are partially covered in iridescent
                  | scales. (AC +2) [potion of mutation]
   760 | D:2      | HP: 1/25 [hobgoblin (2)]
   775 | D:2      | Slain by a hobgoblin

Illustrated notes

Levels and vault maps discovered:
D:1:      minmay_arrival_four_circles, layout_basic,
          shapermc_ecumenical_altar_mp_highgroup
D:2:      cheibrodos_helix_gallery, layout_basic, minmay_unequal

Action                   || total
-------------------------++-------
Throw: Dart              ||    17
 Cast: Magic Dart        ||     8
       Searing Ray       ||     4
       Foxfire           ||     3
  Use: Scroll            ||     1
       Potion            ||     4
Armor: Robe              ||    23
Dodge: Dodged            ||    40
